 Dungeon Crawl Stone Soup version 0.20.1-1-g8b1a95d (webtiles) character file.

4088 LarsimusPrime the Basher (level 10, -7/88 HPs)
             Began as a Minotaur Berserker on Sept 16, 2017.
             Was a High Priest of Trog.
             Killed by nerve-wracking pain
             ... invoked by an orc priest
              (10 damage)
             ... on level 8 of the Dungeon on Sept 17, 2017.
             The game lasted 00:29:17 (7327 turns).

LarsimusPrime the Basher (Minotaur Berserker)       Turns: 7327, Time: 00:29:17

Health: -7/88      AC: 15    Str: 22    XL:     10   Next: 5%
Magic:  9/9        EV:  8    Int:  6    God:    Trog [*****.]
Gold:   376        SH:  3    Dex: 11    Spells: 9/9 levels left

rFire    . . .     SeeInvis .   B - +1 dire flail
rCold    . . .     Gourm    .   (shield currently unavailable)
rNeg     . . .     Faith    .   H - +0 plate armour
rPois    .         Spirit   .   (helmet restricted)
rElec    .         Reflect  +   (no cloak)
rCorr    +         Harm     .   i - +0 pair of gloves
MR       .....     Rnd*Rage +   (no boots)
Stlth    ..........             v - +3 amulet of reflection
Regen    0.0/turn               (no ring)
MPRegen  0.2/turn               l - ring of resist corrosion

@: berserk cooldown, slowed, very slow
A: retaliatory headbutt, horns 2, berserk 1, clever 1, clumsy 1, sense
surroundings 1, inhibited regeneration
a: Berserk, Trog's Hand, Brothers in Arms, Burn Spellbooks, Renounce Religion


You were on level 8 of the Dungeon.
You worshipped Trog.
Trog was extremely pleased with you.
You were near starving.

You visited 1 branch of the dungeon, and saw 8 of its levels.

You collected 376 gold pieces.

Inventory:

Hand Weapons
 a - a +0 hand axe
 z - a +0 war axe
 B - a +1 dire flail (weapon)
 E - a +0 mace of protection
 F - a +2 flail of protection
 M - a +3 longbow of freezing
Missiles
 u - 228 stones (quivered)
Armour
 b - a +0 animal skin
 i - a +0 pair of gloves (worn)
 j - a +0 chain mail
 H - a +0 plate armour (worn)
Jewellery
 l - a ring of resist corrosion (right hand)
 p - an uncursed ring of wizardry
 v - a +3 amulet of reflection (around neck)
 w - a +3 amulet of reflection
 K - an uncursed amulet of regeneration
Wands
 x - a wand of scattershot (3/9)
 G - a wand of random effects (44/48)
 I - a wand of flame (21/48)
 L - a wand of flame (48/48)
Scrolls
 d - a scroll of fear
 e - a scroll of recharging
 f - a scroll of random uselessness
 k - 8 scrolls of identify
 r - a scroll of remove curse
 s - 5 scrolls of amnesia
 y - a scroll of fog
 A - 2 scrolls of magic mapping
 C - 5 scrolls of teleportation
 D - a scroll of enchant weapon
Potions
 h - 5 potions of heal wounds
 m - a potion of berserk rage
 n - a potion of curing
 o - 3 potions of haste
 q - a potion of agility
 t - 3 potions of lignification
 J - a potion of brilliance {unknown}
Comestibles
 c - 5 bread rations
 g - 4 meat rations
 N - 9 royal jellies
 O - a chunk of flesh


   Skills:
 + Level 7.8 Fighting
 + Level 9.1(11.1) Axes
 * Level 10.4(11.7) Maces & Flails
 + Level 8.4 Armour
 + Level 3.3 Dodging
 + Level 0.8 Stealth


You had 9 spell levels left.
You didn't know any spells.

Dungeon Overview and Level Annotations

Branches:
Dungeon (8/15)             Temple (0/1) D:4
   Lair: D:8-11

Altars:
Elyvilon
Makhleb
Okawaru
Uskayaw
Vehumet


Innate Abilities, Weirdness & Mutations

You reflexively headbutt those who attack you in melee.
You have a pair of horns on your head.
You tend to lose your temper in combat.
Your mind is acute. (Int +2)
You are clumsy. (Dex -2)
You passively map a small area around you.
You do not regenerate when monsters are visible.


Message History

Found a stone staircase leading down.
Items here: ))) [[[[ ††† You feel a strong urge to attack something.
The orc priest mumbles some strange prayers to Beogh against you.
Beogh smites you!
* * * LOW HITPOINT WARNING * * *
You feel your anger subside. The orc hits you but does no damage.
You hit the orc but do no damage. You barely miss the orc.
You are no longer berserk.
You are exhausted.
You feel yourself slow down. The orc hits you with a whip.
* * * LOW HITPOINT WARNING * * *
You sock the orc! You headbutt the orc.
You kill the orc!
Trog accepts your kill.
The orc priest mumbles some strange prayers to Beogh against you.
Pain shoots through your body!
You die...

***,******,,.....# *,**** *,*
#,,.....## *,* *,**####.*#.....#
*,* *,,,,....##....)###,* ##
******#...........>,* #.
#..#......#**** #. *******
#.........# ######. ,,,,,,*
#...oo#,#** ##...... *****,*
#.###@#.# #.....#. *,* #.###.#.#
####..##.#. *,* #.......#
#.......... *,* #####.###
#.......### *,* #...# #........##
*,* #...# #.#....)... * ***,*
#...#####.#.##)).## ***,,,***
#####.........#.###.##
,,,,,,,,**#...................###


You could see an orc priest and an orc wizard.

Vanquished Creatures
  Joseph (D:8)
  A hornet (D:8)
  A hippogriff (D:7)
  Edmund (D:5)
  2 soldier ants (D:8)
  Duvessa (D:7)
  5 orc warriors
  2 sky beasts (D:6)
  2 ice beasts
  2 ogres
  A centaur (D:7)
  3 bullfrogs
  2 big kobolds (D:7)
  Blork the orc (D:4)
  Dowan (D:7)
  A water moccasin zombie (D:5)
  2 scorpions
  The ghost of ErikD the Skirmisher, a weakling HOAK of Lugonu (D:4)
  A howler monkey (D:4)
  A crimson imp (D:7)
  6 orc priests
  5 hounds
  3 jellies
  5 orc wizards
  Crazy Yiuf (D:5)
  A centaur skeleton (D:6)
  A gnoll shaman (D:4)
  Jessica (D:3)
  2 iguanas
  6 worker ants
  A mummy (D:4)
  8 gnolls
  6 adders
  A shadow imp (D:5)
  An ooze (D:1)
  2 adder zombies
  4 worms
  A dart slug (D:2)
  7 leopard geckos
  30 orcs
  2 giant cockroaches
  4 goblins
  5 hobgoblins
  4 jackals
  22 kobolds
  2 quokkas
  3 ball pythons
  6 bats
  4 frilled lizards
  A goblin zombie (D:4)
  2 jackal skeletons
  A leopard gecko skeleton (D:4)
  An orc zombie (D:4)
  A quokka skeleton (D:4)
  A quokka zombie (D:6)
  10 rats
  A fungus (D:5)
194 creatures vanquished.

Notes
Turn   | Place    | Note
-------+----------+-------------------------------------------
     0 | D:1      | LarsimusPrime the Minotaur Berserker began the quest for the Orb.
     0 | D:1      | Reached XP level 1. HP: 19/19 MP: 0/0
   266 | D:1      | Reached XP level 2. HP: 22/27 MP: 1/1
   773 | D:1      | Reached ** piety under Trog
   773 | D:1      | Reached XP level 3. HP: 33/33 MP: 2/2
  1014 | D:2      | Reached skill level 5 in Axes
  1548 | D:3      | Reached XP level 4. HP: 41/41 MP: 3/3
  1654 | D:3      | Reached XP level 5. HP: 45/47 MP: 4/4
  2110 | D:3      | Noticed Jessica
  2121 | D:3      | Killed Jessica
  2121 | D:3      | Reached *** piety under Trog
  2567 | D:4      | Reached skill level 5 in Fighting
  2567 | D:4      | Reached XP level 6. HP: 46/56 MP: 5/5
  2657 | D:4      | Noticed ErikD's ghost (weakling HOAK)
  2672 | D:4      | Killed ErikD's ghost
  3190 | D:4      | Noticed Blork the orc
  3198 | D:4      | Killed Blork the orc
  3199 | D:4      | Reached XP level 7. HP: 37/61 MP: 6/6
  3355 | D:4      | Reached skill level 5 in Armour
  3414 | D:4      | Found a staircase to the Ecumenical Temple.
  3718 | D:5      | Entered Level 5 of the Dungeon
  4420 | D:5      | Noticed Edmund
  4429 | D:5      | Killed Edmund
  4429 | D:5      | Reached XP level 8. HP: 71/71 MP: 7/7
  4429 | D:5      | Reached **** piety under Trog
  4703 | D:5      | Found a runed door.
  4708 | D:5      | Noticed Crazy Yiuf
  4710 | D:5      | Killed Crazy Yiuf
  4770 | D:6      | Reached skill level 1 in Maces & Flails
  4834 | D:6      | Reached skill level 2 in Maces & Flails
  4856 | D:6      | Gained mutation: Your muscles are strong. (Str +2) [mutagenic meat]
  4857 | D:6      | Gained mutation: You are robust. (+10% HP) [mutagenic meat]
  4858 | D:6      | Gained mutation: Your spells are a little harder to cast, but a little more powerful. [mutagenic meat]
  4859 | D:6      | Gained mutation: Your flesh is cold resistant. (rC+) [mutagenic meat]
  4860 | D:6      | Gained mutation: Armour fits poorly on your strangely shaped body. [mutagenic meat]
  4868 | D:6      | Lost mutation: You are robust. (+10% HP) [potion of mutation]
  4868 | D:6      | Lost mutation: Your spells are a little harder to cast, but a little more powerful. [potion of mutation]
  4868 | D:6      | Lost mutation: Your muscles are strong. (Str +2) [potion of mutation]
  4868 | D:6      | Lost mutation: Armour fits poorly on your strangely shaped body. [potion of mutation]
  4868 | D:6      | Lost mutation: Your flesh is cold resistant. (rC+) [potion of mutation]
  4868 | D:6      | Gained mutation: You passively map a small area around you. [potion of mutation]
  4868 | D:6      | Gained mutation: You tend to lose your temper in combat. [potion of mutation]
  4868 | D:6      | Gained mutation: Your mind is acute. (Int +2) [potion of mutation]
  5121 | D:6      | Reached skill level 3 in Maces & Flails
  5197 | D:6      | Reached skill level 4 in Maces & Flails
  5232 | D:6      | Gained mutation: You do not regenerate when monsters are visible. [mutagenic meat]
  5233 | D:6      | Gained mutation: You are clumsy. (Dex -2) [mutagenic meat]
  5244 | D:6      | Found a radiant altar of Vehumet.
  5316 | D:6      | Found an iron altar of Okawaru.
  5319 | D:6      | Found a hide-covered altar of Uskayaw.
  5322 | D:6      | Found a burning altar of Makhleb.
  5370 | D:7      | Noticed Dowan
  5372 | D:7      | Noticed Duvessa
  5382 | D:7      | Killed Duvessa
  5391 | D:7      | Killed Dowan
  5391 | D:7      | Reached skill level 5 in Maces & Flails
  5417 | D:7      | Noticed a hippogriff
  5420 | D:7      | Reached skill level 6 in Maces & Flails
  5420 | D:7      | Reached XP level 9. HP: 48/78 MP: 8/8
  5439 | D:7      | Reached skill level 7 in Maces & Flails
  5636 | D:7      | Reached ***** piety under Trog
  5649 | D:7      | Reached skill level 8 in Maces & Flails
  5963 | D:7      | Found a white marble altar of Elyvilon.
  6644 | D:8      | Noticed Joseph
  6655 | D:8      | Killed Joseph
  6655 | D:8      | Reached skill level 9 in Maces & Flails
  6767 | D:8      | Paralysed by a hornet for 1 turns
  6775 | D:8      | Paralysed by a hornet for 1 turns
  6779 | D:8      | Reached skill level 10 in Maces & Flails
  6800 | D:8      | Received a gift from Trog
  7315 | D:8      | Reached XP level 10. HP: 40/88 MP: 9/9
  7323 | D:8      | HP: 5/132 [orc priest/divine providence (12)]
  7327 | D:8      | Killed from afar by an orc priest

Skill      XL: |  1  2  3  4  5  6  7  8  9 |
---------------+----------------------------+-----
Axes           | 4 5 6 7 8 9 |  9.1
Fighting       | 4 5 6 7 |  7.8
Armour         | 3 4 6 7 8 |  8.4
Maces & Flails | 6 10 | 10.4
Dodging        | 3 |  3.3
Stealth        | |  0.8

Action                   |  1- 3 |  4- 6 |  7- 9 | 10-12 || total
-------------------------+-------+-------+-------+-------++-------
Melee: Hand axe          |   100 |   118 |   104 |       ||   322
       Headbutt          |    14 |    21 |    80 |     2 ||   117
       Flail             |       |       |   101 |       ||   101
       Dire flail        |       |       |   183 |     8 ||   191
Invok: Burn Spellbooks   |     1 |       |     1 |       ||     2
       Berserk           |       |     1 |     6 |       ||     7
       Trog's Hand       |       |       |     2 |       ||     2
  Use: Scroll            |       |       |    11 |       ||    11
       Potion            |       |       |    10 |       ||    10
  Eat: Chunk             |     2 |     6 |    23 |       ||    31
       Bread ration      |       |       |     1 |       ||     1
Armor: Animal skin       |     9 |       |       |       ||     9
       Chain mail        |    17 |    56 |    91 |       ||   164
       Plate armour      |       |       |   101 |     3 ||   104
Dodge: Dodged            |    45 |    37 |   162 |     2 ||   246
Block: Other             |       |       |    42 |     1 ||    43
       Reflection        |       |       |     1 |       ||     1
